 Dungeon Crawl Stone Soup version 0.27.1-3-gb3d3a73c9e (webtiles) character file.

Game seed: 17228642545712394823

2 DearestLeader the Slasher (level 1, -1/13 HPs)
             Began as a Gnoll Wanderer on Oct 13, 2021.
             Slain by a hobgoblin (5 damage)
             ... on level 1 of the Dungeon.
             The game lasted 00:00:31 (68 turns).

DearestLeader the Slasher (Gnoll Wanderer)            Turns: 68, Time: 00:00:31

Health: -1/13      AC:  2    Str: 14    XL:     1   Next: 30%
Magic:  4/4        EV: 11    Int: 10    God:
Gold:   0          SH:  0    Dex:  9    Spells: 5/5 levels left

rFire    . . .     SeeInvis .   a - +2 falchion
rCold    . . .     Faith    .   (no shield)
rNeg     . . .     Spirit   .   d - +0 robe
rPois    .         Reflect  .   (no helmet)
rElec    .         Harm     .   (no cloak)
rCorr    .         Rampage  .   (no gloves)
Will     .....                  (no boots)
Stlth    +++.......             (no amulet)
HPRegen  0.04/turn              (no ring)
MPRegen  0.09/turn              (no ring)

@: no status effects
A: fangs 1, strong nose, distributed training
a: no special abilities


You were on level 1 of the Dungeon.
You visited 1 branch of the dungeon, and saw 1 of its levels.

Inventory:

Hand Weapons
 a - a +2 falchion (weapon)
 b - a +0 quarterstaff
 e - a +0 dagger
Missiles
 f - 19 sling bullets
Armour
 d - a +0 robe (worn)
Scrolls
 c - a scroll of teleportation
Potions
 g - a potion of lignification {unknown}


   Skills:
 + Level 0.0 Fighting
 + Level 0.0 Short Blades
 + Level 6.4 Long Blades
 + Level 0.0 Axes
 + Level 0.0 Maces & Flails
 + Level 0.0 Polearms
 + Level 0.0 Staves
 + Level 0.0 Slings
 + Level 0.0 Bows
 + Level 0.0 Crossbows
 + Level 2.3 Throwing
 + Level 0.0 Armour
 + Level 0.0 Dodging
 + Level 5.8 Stealth
 + Level 0.0 Shields
 + Level 0.0 Unarmed Combat
 + Level 2.6 Spellcasting
 + Level 0.0 Conjurations
 + Level 0.0 Hexes
 + Level 0.0 Summonings
 + Level 0.0 Necromancy
 + Level 3.6 Translocations
 + Level 0.0 Transmutations
 + Level 0.0 Fire Magic
 + Level 0.0 Ice Magic
 + Level 0.0 Air Magic
 + Level 0.0 Earth Magic
 + Level 0.0 Poison Magic
 + Level 0.1 Invocations
 + Level 0.0 Evocations


You had 5 spell levels left.
You didn't know any spells.
Your spell library was empty.

Dungeon Overview and Level Annotations

Branches:
Dungeon (1/15)

Altars:

Shops:
D:1 *


Innate Abilities, Weirdness & Mutations

You have very sharp teeth.
Your uncanny sense of smell can sniff out nearby items.
Your experience applies equally to all skills.


Message History

You hit the bat.
The bat is severely wounded.
The bat hits you but does no damage.
A kobold comes into view. It is wielding a +0 club.
The bat hits you. The bat closely misses you. The bat misses you.
You riposte.
You hit the bat.
You kill the bat!
You see here a bat corpse.
The kobold throws a stone.
The stone hits you.
The kobold throws a stone.
The stone hits you.
You enter the shallow water.
Moving in this stuff is going to be slow.
The kobold barely misses you. The kobold hits you but does no damage.
Your unstable footing causes you to fumble your attack.
The kobold splashes around in the water.
Your unstable footing causes you to fumble your attack.
The kobold hits you with a +0 club.
Your unstable footing causes you to fumble your attack.
The kobold barely misses you.
You riposte.
Your unstable footing causes you to fumble your attack.
You miss the kobold. The kobold hits you with a +0 club.
Unknown command.
Unknown command.
You hit the kobold.
You kill the kobold!
You hear a splash. x2
Unknown command.
You see here a bat corpse.
You see here 19 sling bullets.
f - 19 sling bullets
g - a fuming blue potion A hobgoblin comes into view.
The hobgoblin shouts!
There is an entrance to Suzxis's Assorted Antiques here.
You see here 21 arrows.
You hit the hobgoblin.
The hobgoblin is severely wounded.
The hobgoblin hits you.
You die...

. .P♣..P..##########
.P♣≈≈≈..♣...... ...#
..≈≈♣≈..PP##.#####.###########
.≈≈≈≈≈≈♣..♣.......(..........#
♣≈≈≈)..†......#.#########.#
♣♣♣≈≈...♣####...# #.#
....♣....P# #.∩.# ####.####
.P......#### #(..# #........
#.###.### #@#.# #.####### #
... #...g.# #.# #### #.###.#
#.# #. .# #'###+# #
.######.....###
..#...#.....#.. #.8.+..⌠..'.<
#...#.....#.. #####.....###


You could see a hobgoblin.

Vanquished Creatures
  A kobold (D:1)
  A bat (D:1)
2 creatures vanquished.

Notes
Turn   | Place    | Note
-------+----------+-------------------------------------------
     0 | D:1      | DearestLeader the Gnoll Wanderer began the quest for the
                  | Orb.
     0 | D:1      | DearestLeader set off with the following items: a +2
                  | falchion, a +0 quarterstaff, a scroll of teleportation, a
                  | +0 robe, a +0 dagger
     0 | D:1      | Reached XP level 1. HP: 13/13 MP: 4/4
    33 | D:1      | Found Suzxis's Assorted Antiques.
    68 | D:1      | Slain by a hobgoblin

Illustrated notes

Levels and vault maps discovered:
D:1:      minmay_arrival_stair_chambers, layout_loops_ring, serial_bayou,
          serial_bayou_pond_a, serial_bayou_crossing, serial_bayou_shore_a,
          serial_bayou_shore_b, serial_shops, nicolae_shop_stone, st_stairs_1

Action                   || total
-------------------------++-------
Melee: Falchion          ||     7
 Stab: Sleeping          ||     1
Armor: Robe              ||     2
Dodge: Dodged            ||     4
       Rpst.: Falchion   ||     2
